 Dungeon Crawl Stone Soup version 0.21.0-3-g78d12a8 (webtiles) character file.

94550 Ignatius881 the Severer (level 15, -13/139 HPs)
             Began as a Minotaur Berserker on Jan 10, 2018.
             Was the Champion of Trog.
             Mangled by Daviar's ghost (23 damage)
             ... on level 15 of the Dungeon on Jan 11, 2018.
             The game lasted 01:25:56 (23859 turns).

Ignatius881 the Severer (Minotaur Berserker)       Turns: 23859, Time: 01:25:57

Health: -13/139    AC: 19    Str: 22    XL:     15   Next: 63%
Magic:  14/14      EV: 15    Int:  4    God:    Trog [******]
Gold:   2343       SH:  0    Dex: 16    Spells: 14/14 levels left

rFire    . . .     SeeInvis .   b - +3 battleaxe (venom)
rCold    . . .     Gourm    .   (shield currently unavailable)
rNeg     . . .     Faith    .   g - +0 plate armour
rPois    +         Spirit   .   (helmet restricted)
rElec    .         Reflect  .   S - +1 cloak
rCorr    .         Harm     .   (no gloves)
MR       +....                  (no boots)
Stlth    ..........             M - amulet of regeneration
HPRegen  0.73/turn              v - ring of poison resistance
MPRegen  0.14/turn              (no ring)

@: berserk cooldown, slowed, very slow
A: retaliatory headbutt, horns 2
a: Berserk, Trog's Hand, Brothers in Arms, Burn Spellbooks, Renounce Religion


You were on level 15 of the Dungeon.
You worshipped Trog.
Trog was exalted by your worship.
You were not hungry.

You visited 3 branches of the dungeon, and saw 23 of its levels.

You collected 2403 gold pieces.
You spent 60 gold pieces at shops.

Inventory:

Hand Weapons
 b - a +3 battleaxe of venom (weapon)
   (Trog gifted it to you on level 14 of the Dungeon)
 n - the +7 broad axe of the Postmodern Ghosts {flame, rElec rC+ rN+ Str+3}
   (You found it on level 4 of the Dungeon)

   It has been specially enchanted to burn those struck by it, causing extra
   injury to most foes and up to half again as much damage against particularly
   susceptible opponents.
   Big, fiery blades are also staple armaments of hydra-hunters.
   It affects your strength (+3).
   It protects you from cold.
   It insulates you from electricity.
   It protects you from negative energy.
 T - a +2 antimagic executioner's axe
   (Trog gifted it to you on level 13 of the Dungeon)
Missiles
 z - 90 stones (quivered)
 U - a throwing net {!f}
Armour
 g - a +0 plate armour (worn)
   (You found it on level 3 of the Dungeon)
 t - the cursed +1 leather armour "Ydei" {rElec rPois, unknown}
   (You found it on level 12 of the Dungeon)

   It insulates you from electricity.
   It protects you from poison.
   It has a curse placed upon it.
 S - a +1 cloak (worn)
   (You found it on level 4 of the Lair of Beasts)
 X - a +0 pair of gloves
   (You found it on level 14 of the Dungeon)
 Z - the +2 chain mail "Molaen" {rF+, unknown}
   (You found it on level 14 of the Dungeon)

   It protects you from fire.
Jewellery
 k - an uncursed ring of protection from cold
   (You found it on level 3 of the Dungeon)
 o - an uncursed amulet of guardian spirit
   (You found it on level 12 of the Dungeon)
 v - a ring of poison resistance (left hand)
   (You found it on level 5 of the Dungeon)
 C - a +3 ring of intelligence
   (You took it off an orc warrior on level 8 of the Dungeon)
 M - an amulet of regeneration (around neck)
   (You found it on level 1 of the Lair of Beasts)
 W - an uncursed ring of positive energy
   (You found it on level 4 of the Lair of Beasts)
Wands
 a - a wand of clouds (9)
   (You found it on level 5 of the Dungeon)
 u - a wand of paralysis (25)
   (You found it on level 4 of the Dungeon)
 x - a wand of acid (18)
   (You found it on level 12 of the Dungeon)
 Y - a wand of polymorph (14)
   (You found it on level 6 of the Lair of Beasts)
Scrolls
 d - 3 scrolls of magic mapping
 i - 8 scrolls of teleportation {@r4}
 p - 3 scrolls of immolation {!r}
 r - 5 scrolls of enchant armour {unknown}
 s - 6 scrolls of remove curse {@r2}
 w - a scroll of brand weapon
 y - 3 scrolls of enchant weapon {unknown}
 D - 2 scrolls of random uselessness {unknown}
 E - 4 scrolls of vulnerability {unknown}
 G - 2 scrolls of fear {unknown}
 J - a scroll of silence {unknown}
 N - 3 scrolls of blinking {unknown}
 O - 5 scrolls of fog {unknown}
 P - a scroll of torment {!r}
 Q - 2 scrolls of holy word
Potions
 c - 10 potions of curing {@q1}
 f - 7 potions of might
 h - 4 potions of flight
 j - 3 potions of cancellation
 m - 3 potions of brilliance
 q - 3 potions of agility
 A - 3 potions of heal wounds {@q2}
 B - 3 potions of haste {@q3}
 F - 3 potions of magic
 H - 2 potions of resistance
 I - a potion of degeneration {unknown}
 K - 2 potions of mutation {unknown}
 L - 3 potions of invisibility {unknown}
 R - 2 potions of ambrosia {unknown}
 V - a potion of lignification {unknown}
Comestibles
 e - 29 rations


   Skills:
 + Level 14.5 Fighting
 * Level 19.3 Axes
 - Level 2.6 Throwing
 + Level 14.4 Armour
 + Level 13.3 Dodging
 - Level 7.1 Stealth


You had 14 spell levels left.
You didn't know any spells.

Dungeon Overview and Level Annotations

Branches:
Dungeon (15/15)            Temple (0/1) D:6            Lair (6/6) D:11
 Shoals (0/4) Lair:2        Snake (0/4) Lair:4        Slime (0/5) Lair:5
    Orc (2/2) D:12            Elf (0/3) Orc:2        Vaults (0/5) D:14
 Depths: D:15

Altars:
Cheibriados
Dithmenos
Elyvilon
Fedhas
Okawaru
Qazlal
Sif Muna
Trog
Vehumet
Xom
Zin
The Shining One

Shops:
Orc:1 (   Orc:2 :?:[?

Annotations:
D:7 1 exclusion
D:15 Daviar's ghost, adept HOFi
Lair:4 exclusion: 4 oklob plants


Innate Abilities, Weirdness & Mutations

You reflexively headbutt those who attack you in melee.
You have a pair of horns on your head.


Message History

Daviar's ghost hits you! Daviar's ghost burns you.
A red film seems to cover your vision as you go berserk!
You feel yourself moving faster!
You feel mighty!
You are near starving!
Daviar's ghost misses you.
You slice Daviar's ghost!! Your headbutt misses Daviar's ghost.
You miss Daviar's ghost.
Daviar's ghost hits you but does no damage.
You eat one of the 30 rations.
That ration really hit the spot!
You slice Daviar's ghost!! Your headbutt misses Daviar's ghost.
Daviar's ghost hits you. Daviar's ghost burns you.
You barely miss Daviar's ghost. Your headbutt misses Daviar's ghost.
You hit Daviar's ghost but do no damage.
Daviar's ghost hits you!! Daviar's ghost burns you!
* * * LOW HITPOINT WARNING * * *
Your plate armour prevents you from hitting Daviar's ghost.
You closely miss Daviar's ghost. Your headbutt misses Daviar's ghost.
Daviar's ghost hits you!!
* * * LOW HITPOINT WARNING * * *
Daviar's ghost burns you!
* * * LOW HITPOINT WARNING * * *
You closely miss Daviar's ghost. You headbutt Daviar's ghost.
You slash Daviar's ghost! Daviar's ghost hits you.
* * * LOW HITPOINT WARNING * * *
Daviar's ghost burns you.
* * * LOW HITPOINT WARNING * * *
You feel a strong urge to attack something.
Daviar's ghost barely misses you. You furiously retaliate!
You headbutt Daviar's ghost, but do no damage.
You closely miss Daviar's ghost.
You headbutt Daviar's ghost, but do no damage.
Daviar's ghost hits you but does no damage.
You slash Daviar's ghost!
You headbutt Daviar's ghost, but do no damage.
You slice Daviar's ghost!! Daviar's ghost hits you!
* * * LOW HITPOINT WARNING * * *
Daviar's ghost burns you.
* * * LOW HITPOINT WARNING * * *
You hit Daviar's ghost but do no damage.
You headbutt Daviar's ghost, but do no damage.
You are no longer berserk.
You are exhausted.
You feel yourself slow down.
You closely miss Daviar's ghost. Your headbutt misses Daviar's ghost.
Daviar's ghost hits you!!
* * * LOW HITPOINT WARNING * * *
Daviar's ghost burns you.
* * * LOW HITPOINT WARNING * * *
Daviar's ghost hits you!!
You die...

.# #.
#####################..#
.......................#
.<...#...#...#...#.....#.
<..#...#...#...#...#.....
.<...#...#...#...#.....#
...........#....@W.....#
...........#...........#
...######.....#######....
.### ##...## .#. # #####


You could see Daviar's ghost.

Vanquished Creatures
  A very ugly thing (D:14)
  Snorg (Lair:4)
  2 ogre magi (Orc:2)
  Erolcha (Orc:1)
  3 hydras
  Harold (Lair:4)
  A merfolk avatar (Lair:6)
  13 two-headed ogres
  2 tengu warriors (D:12)
  3 death yaks (D:11)
  An orc high priest (Orc:1)
  Urug (Lair:4)
  Nergalle (Lair:1)
  10 skeletal warriors
  A sea snake (Lair:6)
  2 deep trolls (Orc:2)
  2 unseen horrors
  3 wizards (D:14)
  An orc knight (Orc:1)
  3 harpies (Lair:6)
  18 ugly things
  6 cyclopes
  An orc sorcerer (Orc:1)
  2 deep elf magi
  A manticore (D:12)
  12 elephants
  3 black mambas
  A gargoyle (D:12)
  A torpor snail (Lair:4)
  23 spiny frogs
  5 rime drakes
  A freezing wraith (D:14)
  9 komodo dragons
  11 trolls
  2 polar bears (Lair:6)
  A wind drake (Lair:6)
  14 blink frogs
  Grinder (D:6)
  4 hornets (Lair:6)
  8 dream sheep
  Prince Ribbit (Lair:1)
  7 hippogriffs
  Sigmund (D:5)
  A spriggan (D:9)
  2 shadows (D:14)
  A fire bat (shapeshifter) (D:14)
  2 basilisks
  51 yaks
  5 wyverns
  3 steam dragons
  Grum (D:11)
  3 water elementals (D:13)
  3 hungry ghosts
  4 wargs (D:13)
  2 vampire mosquitoes (D:14)
  7 nagas (Lair:4)
  17 water moccasins
  5 porcupines
  20 orc warriors
  3 sky beasts
  An ice beast (D:13)
  3 black bears
  2 phantoms
  A necrophage (D:9)
  7 centaurs
  2 eyes of draining
  23 ogres
  12 wolves
  9 crocodiles
  12 bullfrogs
  A wyvern zombie (D:8)
  2 wyvern skeletons
  4 scorpions
  6 killer bees (D:12)
  3 troll zombies (D:12)
  2 electric eels (Lair:1)
  5 wights (D:10)
  8 howler monkeys
  4 crimson imps
  A bullfrog zombie (D:9)
  A centaur zombie (D:5)
  4 hounds
  5 jellies
  14 orc priests
  4 centaur skeletons
  A bullfrog skeleton (D:12)
  2 iguanas
  28 orc wizards
  2 hell rats
  15 worker ants
  3 ogre zombies (D:12)
  A hound zombie (D:8)
  A mummy (D:9)
  A howler monkey zombie (D:8)
  2 worker ant zombies
  A gnoll (D:3)
  22 adders
  2 river rats (D:11)
  7 shadow imps
  4 oozes
  2 worms
  A dart slug (D:2)
  5 leopard geckos
  58 orcs
  6 bats
  3 giant cockroaches
  7 goblins
  4 hobgoblins
  6 jackals
  4 quokkas
  4 frilled lizards
  A goblin skeleton (D:12)
  4 goblin zombies (D:12)
  2 hobgoblin skeletons (D:12)
  A hobgoblin zombie (D:12)
  6 kobolds
  2 orc skeletons (D:12)
  9 orc zombies (D:12)
  A quokka skeleton (D:6)
  A quokka zombie (D:7)
  7 rats
  9 fungi
  9 plants
696 creatures vanquished.

Vanquished Creatures (collateral kills)
  An elephant (Lair:6)
  A water moccasin (Lair:6)
2 creatures vanquished.

Vanquished Creatures (others)
  3 dream sheep (D:9)
  13 fungi
  13 plants
29 creatures vanquished.

Grand Total: 727 creatures vanquished

Notes
Turn   | Place    | Note
-------+----------+-------------------------------------------
     0 | D:1      | Ignatius881 the Minotaur Berserker began the quest for the Orb.
     0 | D:1      | Reached XP level 1. HP: 19/19 MP: 0/0
   334 | D:1      | You fall through a shaft!
   367 | D:2      | Reached XP level 2. HP: 27/27 MP: 1/1
   406 | D:1      | Reached skill level 4 in Axes
   984 | D:2      | Reached XP level 3. HP: 31/33 MP: 2/2
  1838 | D:3      | Reached XP level 4. HP: 40/40 MP: 3/3
  1933 | D:3      | Reached ** piety under Trog
  1948 | D:3      | Found a blossoming altar of Fedhas.
  1948 | D:3      | Found an iron altar of Okawaru.
  2083 | D:3      | Noticed an ogre
  2090 | D:3      | Killed an ogre
  2090 | D:3      | Reached skill level 5 in Axes
  2090 | D:3      | Reached XP level 5. HP: 43/47 MP: 4/4
  2177 | D:3      | Found a bloodstained altar of Trog.
  2177 | D:3      | Noticed an eye of draining
  2209 | D:3      | Killed an eye of draining
  2532 | D:4      | Reached XP level 6. HP: 46/55 MP: 5/5
  2546 | D:4      | Reached skill level 5 in Fighting
  2546 | D:4      | Reached skill level 6 in Axes
  2866 | D:4      | Reached XP level 7. HP: 34/61 MP: 6/6
  3388 | D:4      | Got a crude broad axe
  3666 | D:4      | Identified the +7 broad axe of the Postmodern Ghosts {flame, rElec rC+ rN+ Str+3} (You found it on level 4 of the Dungeon)
  3717 | D:5      | Entered Level 5 of the Dungeon
  3720 | D:5      | Reached skill level 7 in Axes
  3900 | D:5      | Reached *** piety under Trog
  3900 | D:5      | Reached skill level 5 in Armour
  4204 | D:5      | Noticed Sigmund
  4209 | D:5      | Killed Sigmund
  4209 | D:5      | Reached skill level 8 in Axes
  4209 | D:5      | Reached skill level 5 in Dodging
  4209 | D:5      | Reached XP level 8. HP: 65/70 MP: 7/7
  4296 | D:5      | Found a glowing golden altar of the Shining One.
  4345 | D:5      | Received a gift from Trog
  4746 | D:6      | Noticed Grinder
  4753 | D:6      | Paralysed by Grinder for 7 turns
  4762 | D:6      | Killed Grinder
  4846 | D:6      | Reached skill level 9 in Axes
  5112 | D:6      | Found a white marble altar of Elyvilon.
  5130 | D:6      | Found a deep blue altar of Sif Muna.
  5244 | D:6      | Found a stormy altar of Qazlal.
  5305 | D:6      | Found a staircase to the Ecumenical Temple.
  5502 | D:7      | Got a crude large shield
  5722 | D:7      | Identified the cursed +0 large shield of the Carpenter {rElec rC+ Int-5} (You found it on level 7 of the Dungeon)
  5722 | D:7      | Lost intelligence.
  5755 | D:7      | Found an iron altar of Okawaru.
  6096 | D:8      | Reached XP level 9. HP: 68/79 MP: 8/8
  6166 | D:8      | Noticed a two-headed ogre
  6173 | D:8      | Killed a two-headed ogre
  6173 | D:8      | Reached skill level 10 in Axes
  6612 | D:8      | Reached skill level 11 in Axes
  7067 | D:8      | Found a shadowy altar of Dithmenos.
  7073 | D:8      | Found a glowing silver altar of Zin.
  7078 | D:8      | Found a radiant altar of Vehumet.
  7209 | D:9      | Reached **** piety under Trog
  7468 | D:9      | Reached XP level 10. HP: 85/90 MP: 9/9
  7746 | D:9      | Found a snail-covered altar of Cheibriados.
  8157 | D:9      | Found a shimmering altar of Xom.
  8164 | D:9      | HP: 1/90 [something (27)]
  8537 | D:10     | Entered Level 10 of the Dungeon
  8607 | D:10     | Reached skill level 12 in Axes
  8792 | D:10     | Noticed a two-headed ogre
  8800 | D:10     | Killed a two-headed ogre
  8984 | D:10     | Noticed a two-headed ogre
  8989 | D:10     | Killed a two-headed ogre
  9040 | D:10     | Reached XP level 11. HP: 80/99 MP: 10/10
  9046 | D:10     | Reached skill level 13 in Axes
  9046 | D:10     | Reached skill level 10 in Fighting
  9882 | D:11     | Reached ***** piety under Trog
 10201 | D:11     | Noticed Grum
 10214 | D:11     | Killed Grum
 10340 | D:11     | Noticed a death yak
 10345 | D:11     | Noticed a death yak
 10348 | D:11     | Noticed a death yak
 10353 | D:11     | Killed a death yak
 10353 | D:11     | Reached skill level 10 in Armour
 10359 | D:11     | Killed a death yak
 10363 | D:11     | Killed a death yak
 10370 | D:11     | Found a staircase to the Lair.
 10916 | Lair:1   | Entered Level 1 of the Lair of Beasts
 10932 | Lair:1   | Reached skill level 14 in Axes
 10935 | Lair:1   | Noticed Nergalle
 10945 | Lair:1   | Killed Nergalle
 11186 | Lair:1   | Noticed Prince Ribbit
 11211 | Lair:1   | Killed Prince Ribbit
 12224 | Lair:2   | Reached skill level 1 in Stealth
 12348 | Lair:2   | Reached XP level 12. HP: 103/110 MP: 11/11
 12365 | Lair:2   | Reached skill level 10 in Dodging
 12615 | Lair:2   | Found a staircase to the Shoals.
 12622 | Lair:2   | Noticed an eight-headed hydra
 12631 | Lair:2   | Killed a six-headed hydra
 13523 | Lair:2   | Reached skill level 15 in Axes
 14610 | Lair:3   | Received a gift from Trog
 14799 | Lair:4   | Noticed Urug
 14815 | Lair:4   | Killed Urug
 14951 | Lair:4   | Reached XP level 13. HP: 72/118 MP: 12/12
 15196 | Lair:4   | Noticed Harold
 15211 | Lair:4   | Killed Harold
 15211 | Lair:4   | Reached skill level 16 in Axes
 15268 | Lair:4   | Noticed Snorg
 15276 | Lair:4   | Killed Snorg
 15644 | Lair:4   | Found a staircase to the Snake Pit.
 16069 | Lair:5   | Received a gift from Trog
 16353 | Lair:5   | Found a frozen archway.
 16420 | Lair:5   | Found a staircase to the Slime Pits.
 16624 | Lair:5   | Reached skill level 5 in Stealth
 16898 | Lair:6   | Entered Level 6 of the Lair of Beasts
 17238 | Lair:6   | Reached skill level 17 in Axes
 17363 | Lair:6   | Reached ****** piety under Trog
 17427 | Lair:6   | Paralysed by a hornet for 2 turns
 17529 | Lair:6   | Paralysed by a hornet for 1 turns
 17531 | Lair:6   | Reached XP level 14. HP: 114/129 MP: 13/13
 17605 | Lair:6   | Received a gift from Trog
 18779 | D:12     | Got a smoking leather armour
 18842 | D:12     | Found a staircase to the Orcish Mines.
 19443 | Orc:1    | Entered Level 1 of the Orcish Mines
 19444 | Orc:1    | Found Pojodyosuy's Weapon Shop.
 19476 | Orc:1    | Noticed Erolcha
 19492 | Orc:1    | Killed Erolcha
 20236 | Orc:2    | Entered Level 2 of the Orcish Mines
 20366 | Orc:2    | Found a staircase to the Elven Halls.
 20426 | Orc:2    | Reached skill level 18 in Axes
 20451 | Orc:2    | Found Cuaprik's Book Emporium.
 20687 | Orc:2    | Received a gift from Trog
 20759 | Orc:2    | Found Numityf's Magic Scroll Shop.
 20771 | Orc:2    | Found Yxzadd's Magic Scroll Emporium.
 20792 | Orc:2    | Reached XP level 15. HP: 133/137 MP: 14/14
 20807 | Orc:2    | Found Mosk's Antique Armour Shoppe.
 20811 | Orc:2    | Bought a scroll of identify for 30 gold pieces
 20811 | Orc:2    | Bought a scroll of identify for 30 gold pieces
 20882 | Orc:2    | Found Uloqyunk's Book Shop.
 21616 | D:13     | Reached skill level 1 in Throwing
 21741 | D:13     | Received a gift from Trog
 22827 | D:14     | Reached skill level 19 in Axes
 23183 | D:14     | Found a gate to the Vaults.
 23241 | D:14     | Got a slimy chain mail
 23388 | D:14     | Received a gift from Trog
 23812 | D:15     | Entered Level 15 of the Dungeon
 23829 | D:15     | Noticed Daviar's ghost (adept HOFi)
 23859 | D:15     | Mangled by Daviar's ghost

Skill      XL: |  1  2  3  4  5  6  7  8  9 10 11 12 13 14 15 |
---------------+----------------------------------------------+-----
Axes           | 4 5 6 8 9 11 12 14 15 17 18 19 | 19.3
Fighting       | 4 5 6 7 8 9 11 12 13 14 | 14.5
Armour         | 3 4 5 6 8 9 10 11 12 13 14 | 14.4
Dodging        | 3 4 5 6 7 8 9 10 11 12 13 | 13.3
Stealth        | 1 4 5 7 |  7.1
Throwing       | 2 |  2.6

Action                   |  1- 3 |  4- 6 |  7- 9 | 10-12 | 13-15 || total
-------------------------+-------+-------+-------+-------+-------++-------
Melee: Hand axe          |    68 |   110 |    30 |       |       ||   208
       Headbutt          |    12 |    21 |    29 |   109 |   232 ||   403
       Broad axe         |       |       |   146 |   419 |   824 ||  1389
       Executioner's axe |       |       |       |       |   121 ||   121
       Battleaxe         |       |       |       |       |    34 ||    34
Invok: Berserk           |       |       |       |     2 |     6 ||     8
       Burn Spellbooks   |       |       |       |     1 |     4 ||     5
       Brothers in Arms  |       |       |       |       |     1 ||     1
Evoke: Wand              |       |       |       |       |     1 ||     1
  Use: Scroll            |       |     5 |     6 |     5 |    11 ||    27
 Stab: Sleeping          |     3 |       |       |       |       ||     3
       Fleeing           |       |       |       |     1 |       ||     1
  Eat: Chunk             |     3 |     3 |    14 |    19 |    33 ||    72
       Ration            |       |       |       |     2 |     2 ||     4
Armor: Animal skin       |     8 |     1 |       |       |       ||     9
       Plate armour      |       |    50 |    91 |   128 |   367 ||   636
Dodge: Dodged            |    49 |    33 |    73 |   187 |   438 ||   780
